[Event "*** Biggest EVER Titled Tuesday"]
[Site "Chess.com"]
[Date "2018.04.17"]
[Round "3"]
[White "itisabigworld"]
[Black "Kazakov_Konstantin"]
[Result "0-1"]
[WhiteElo "2296"]
[BlackElo "2468"]
[TimeControl "180+2"]
[EndTime "13:37:28 PDT"]
[Termination "Kazakov_Konstantin won on time"]

1. e4 e5 2. Nf3 Nc6 3. d4 exd4 4.
Nxd4 Nf6 5. Nxc6 bxc6 6. e5 Qe7 7. Qe2 Nd5 8. c4 Nb6 9. Nc3 Qe6 10. b3 Bb4 11. Bd2 O-O 12. a3 Bc5 13. Qe4 d5 14. cxd5 cxd5 15. Qf4 f6 16. Qg3 Qxe5+ 17. Kd1 Bf5 18.
Bb5 Rad8 19. Re1 Qxg3 20. fxg3 Bf2 21. Rf1 Bg4+ 22. Kc2 Bd4 23. h3 Bh5 24. Rae1 Bg6+ 25. Kb2 c5 26. Ka2 Bxc3 27. Bxc3 d4 28. Ba5 Rb8 29.
Re7 Bf7 30. a4 Nc8 31. Rc7 Nd6 32. Rxc5 Nxb5 33. Rxb5 Rxb5 34. axb5 Rb8 35. Rf5 g6 36. Rc5 d3 37. Kb2 Be8 38. Kc3 Bxb5 39. Rc7 a6 40.
Kd2 Re8 41. Bc3 Re2+ 42. Kd1 Rc2 43. Rc8+ Kf7 44. Rc7+ Ke6 45. Ba5 Rxg2 46. Rxh7 Bc6 47. g4 Bf3+ 48. Kc1 Rc2+ 49. Kb1 Be4 50. Bb4 d2 51.
Re7+ Kd5 52. Rd7+ Kc6 53. Rd6+ Kc7 54. Rd4 Rc4+ 55. Rxe4 d1=Q+ 56. Ka2 Rc2+ 0-1

[Event "*** Biggest EVER Titled Tuesday"]
[Site "Chess.com"]
[Date "2018.04.17"]
[Round "3"]
[White "sergeikim"]
[Black "bascheyaro"]
[Result "0-1"]
[WhiteElo "2454"]
[BlackElo "2680"]
[TimeControl "180+2"]
[EndTime "13:37:30 PDT"]
[Termination "bascheyaro won by resignation"]

1. d4 Nf6 2. c4 c6 3. Nf3 d5 4. Qc2 g6 5. e3 Bf5 6. Bd3 Bxd3 7.
Qxd3 Bg7 8. O-O O-O 9. Nc3 e6 10. e4 dxe4 11. Nxe4 Nxe4 12. Qxe4 Nd7 13. Bg5 Qb6 14.
Be3 Rfd8 15. Qh4 Qxb2 16. Rab1 Qxa2 17. Rxb7 Qxc4 18. Ng5 h6 19. Ne4 Rab8 20. Rxa7 g5 21. Qh5 Qd5 22. Nc3 Qf5 23. h4 g4 24. Qxf5 exf5 25.
Rc1 Nf8 26. Ne2 Rbc8 27. Ra6 Rd6 28. g3 Ne6 29. d5 Rxd5 30. Raxc6 Rxc6 31. Rxc6 h5 32.
Ra6 Be5 33. Ra8+ Kg7 34. Ra7 Rd1+ 35. Kg2 Re1 36. Ra2 Kg6 37. Rc2 Rb1 38. Ra2 Rb3 39. Ra6 Rb2 40. Kf1 Kg7 41. Ra5 Rb1+ 42. Kg2 f6 43. Ra7+ Kg6 44. Ra6 Nc7 45. Rc6 Nd5 46. Bd4 Re1 47. Bxe5 Rxe2 48. Bd4 f4 49. gxf4 Rd2 50.
Ba7 Nxf4+ 51. Kg3 Nd5 52. Bb8 Rd1 53. Kg2 Rd2 54. Kg3 Ne7 55. Ra6 Nf5+ 56. Kg2 Nxh4+ 57. Kf1 Nf3 58. Ra5 h4 59. Bf4 Rc2 60. Ra8 Kf5 61.
Be3 h3 62. Ra5+ Kg6 63. Ra8 Rb2 64. Rg8+ Kf5 65. Rh8 Rb1+ 66. Ke2 h2 0-1

[Event "*** Biggest EVER Titled Tuesday"]
[Site "Chess.com"]
[Date "2018.04.17"]
[Round "3"]
[White "Kozok"]
[Black "kirillshevchenko"]
[Result "0-1"]
[WhiteElo "2200"]
[BlackElo "2312"]
[TimeControl "180+2"]
[EndTime "13:37:30 PDT"]
[Termination "kirillshevchenko won on time"]

1. e4 c5 2. Nf3 d6 3. d4 cxd4 4. Nxd4 Nf6 5. Nc3 a6 6. Bg5 Nbd7 7. f4 Qa5 8. Bd3 e5 9. Nf5 h6 10. Bxf6 Nxf6 11. fxe5 dxe5 12. Qf3 Bxf5 13. Qxf5 Ba3 14. O-O Bxb2 15. Nd5 Bxa1 16. Nxf6+ gxf6 17. Qxf6 Qb6+ 18. Qxb6 Bd4+ 19. Qxd4 exd4 20. Bc4 O-O 21. Rd1 Rfd8 22. Bd5 Rac8 23. Rxd4 Rd7 24. c4 Rdc7 25. h3 Kg7 26. e5 Re7 27. Rg4+ Kh8 28. Rh4 Kg7 29. Rg4+ Kh7 30. Rf4 Rcc7 31. Rf5 Kg7 32. g4 b5 33. cxb5 axb5 34. g5 h5 35. Bf3 Rc5 36. h4 Rexe5 37. Rf4 Rf5 38. Rxf5 Rxf5 39. Bxh5 Rf4 40. Be2 b4 41. h5 Rf5 42. g6 fxg6 43. hxg6 Ra5 44. Bc4 Kxg6 45. Kf2 Kf5 46. Ke3 Ke5 47. Kd3 Rc5 48. Bb3 Rc3+ 49. Kd2 Kd4 50. Bg8 Rg3 51. Bb3 Rg2+ 52. Kd1 Kc3 53. Ke1 Kb2 54. Kd1 Ka3 55. Kc1 Rxa2 56. Be6 b3 57. Kb1 Re2 0-1

[Event "*** Biggest EVER Titled Tuesday"]
[Site "Chess.com"]
[Date "2018.04.17"]
[Round "3"]
[White "jlandaw"]
[Black "DishonorOnYourCow"]
[Result "1-0"]
[WhiteElo "2411"]
[BlackElo "2312"]
[TimeControl "180+2"]
[EndTime "13:37:32 PDT"]
[Termination "jlandaw won by resignation"]

1. e4 e5 2. Nf3 Nc6 3. Bb5 Nf6 4. d3 Bc5 5. O-O d6 6. c3 O-O 7. h3 Ne7 8. d4 Bb6 9. Re1 Ng6 10. Nbd2 c6 11. Ba4 Bc7 12. Nf1 h6 13. Ng3 Be6 14. Bb3 Kh8 15. Bxe6 fxe6 16. dxe5 dxe5 17. Qb3 Nf4 18. Qxb7 Bb6 19. Nxe5 Nd3 20. Nxd3 Qxd3 21. Be3 Bxe3 22. Rxe3 Qd2 23. Re2 Qd6 24. e5 Qd7 25. Qxd7 Nxd7 26. Rd1 Nb6 27. Ne4 Nd5 28. Nc5 Rfe8 29.
g3 Rab8 30. c4 Nb4 31. a3 Na2 32. Rd6 Red8 33. Nxe6 Re8 34. Rxc6 Nc1 35. Rc2 Nd3 36. f4 Nxb2 37. Nd4 Na4 38. Nf5 Red8 39. Rd6 Rdc8 40. Rd7 Nb2 41. c5 Na4 42. c6 Nb6 43. Rxa7 Nd5 44.
Nd6 Rg8 45. Nf7+ Kh7 46. c7 Rb1+ 47. Kf2 Rh1 48. Kf3 Rf1+ 49. Ke4 Nxc7 50. Rcxc7 Re1+ 51. Kf3 Rf1+ 52. Kg2 Rb1 53. Nd6 Rb2+ 54. Kf3 Rb3+ 55. Kg4 h5+ 56. Kh4 Rf3 57. Nf5 Rb3 58. Rxg7+ Rxg7 59. Rxg7+ Kh8 60. Ra7 Rb6 61. Kg5 h4 62. g4 Rc6 63. a4 Rb6 64. a5 Rc6 65. Nxh4 Re6 66. f5 Rxe5 67. Ng6+ Kg8 68. Nxe5 1-0

[Event "*** Biggest EVER Titled Tuesday"]
[Site "Chess.com"]
[Date "2018.04.17"]
[Round "3"]
[White "WarlordX"]
[Black "SCIM"]
[Result "1-0"]
[WhiteElo "2280"]
[BlackElo "2339"]
[TimeControl "180+2"]
[EndTime "13:37:33 PDT"]
[Termination "WarlordX won on time"]

1. Nf3 d5 2. g3 Nf6 3. Bg2 e6 4. d3 c5 5. Nbd2 Nc6 6. O-O Be7 7. e4 O-O 8. Re1 b5 9. e5 Nd7 10. h4 a5 11. Nf1 b4 12. N1h2 a4 13. Bg5 a3 14. b3 Ra6 15. Qd2 Qe8 16. Bh3 Bb7 17.
Qf4 Kh8 18. h5 Bxg5 19. Qxg5 h6 20. Qh4 Ne7 21. g4 f5 22. exf6 gxf6 23. d4 cxd4 24. Nxd4 e5 25. Ne2 Rg8 26. Ng3 d4 27. Bf1 Rd6 28.
Bd3 Nc5 29. Bc4 Qc6 30. f3 Rg7 31. Rad1 Rg5 32. Kf2 Qb6 33. Kf1 Rd8 34. Ne4 Nxe4 35. fxe4 Nc8 36. Rd2 Nd6 37. Bd3 Rdg8 38. Rf2 Nb5 39. Bc4 R8g7 40. Qg3 Nc3 41. Qf3 Nxa2 42. Qxf6 Qxf6 43. Rxf6 Nc3 44. Rxh6+ Rh7 45. Rf6 a2 46. h6 Rc7 47. Be6 Nb1 48. Nf3 Ba6+ 49. Kf2 Rxc2+ 50. Kg3 Rg8 51. Bxg8 a1=Q 52. Be6 Rc8 53.
Bxc8 Bxc8 54. Ng5 Be6 55. Rxe6 Qc3+ 56. Kh4 Qxe1+ 57. Kh5 Qh1+ 58. Kg6 1-0

[Event "*** Biggest EVER Titled Tuesday"]
[Site "Chess.com"]
[Date "2018.04.17"]
[Round "3"]
[White "djano"]
[Black "nihalsarin"]
[Result "0-1"]
[WhiteElo "2439"]
[BlackElo "2741"]
[TimeControl "180+2"]
[EndTime "13:37:37 PDT"]
[Termination "nihalsarin won on time"]

1. d4 c5 2. c3 g6 3. Bf4 Bg7 4. e3 cxd4 5. exd4 Nf6 6. Nf3 O-O 7. Be2 b6 8. O-O Bb7 9. Nbd2 d6 10. a4 a6 11. Qb3 Nbd7 12. a5 b5 13. c4 Bxf3 14.
Bxf3 bxc4 15. Qxc4 Rb8 16. Qxa6 Rxb2 17. Rfb1 Qb8 18.
Qd3 e5 19. Bg3 d5 20. a6 Qb4 21. Rxb2 Qxb2 22. Rb1 Qa2 23. dxe5 Nc5 24. Qb5 Nfd7 25. Nf1 Nxe5 26. Bxe5 Bxe5 27. Re1 Bd4 28. Ne3 Qxa6 29. Qxa6 Nxa6 30. Bxd5 Nb4 31. Bb3 Rc8 32. Rd1 Bxe3 33. fxe3 Rc3 34. Ba4 Rxe3 35. Kf2 Rd3 36. Rxd3 Nxd3+ 37. Ke3 Nc5 38. Bb5 Kg7 39. h3 Ne6 40. Kf2 Kf6 41.
Bc4 Ke5 42. g3 f5 43. Kg2 Nc5 44. Bg8 h6 45. Bf7 g5 46. Ba2 Nd3 47. Bb1 Nb4 48.
g4 fxg4 49. hxg4 Kf4 50. Kh3 Nd5 51. Bf5 h5 52. Bc8 h4 53. Be6 Ne3 54. Bc8 Kf3 55.
Bd7 Kf2 56. Bc8 Nf1 57. Bd7 Ng3 58. Bc8 Kg1 59. Bd7 Nh1 0-1

[Event "*** Biggest EVER Titled Tuesday"]
[Site "Chess.com"]
[Date "2018.04.17"]
[Round "3"]
[White "Angry_Twin"]
[Black "VeraNebolsina"]
[Result "0-1"]
[WhiteElo "2708"]
[BlackElo "2498"]
[TimeControl "180+2"]
[EndTime "13:37:40 PDT"]
[Termination "VeraNebolsina won by resignation"]

1. e4 e5 2. Nf3 Nf6 3. Nxe5 d6 4. Nf3 Nxe4 5. d4 d5 6. Bd3 Be7 7. O-O Nd6 8. Re1 O-O 9. Nc3 c6 10. Bf4 Bg4 11. Qe2 Bf6 12. h3 Re8 13. Be3 Bh5 14. g4 Bg6 15. Bxg6 hxg6 16. Qd3 Nd7 17. Bf4 Nf8 18. b3 Ne6 19. Be5 Bxe5 20. Nxe5 Qh4 21. Rad1 Nf4 22. Qf3 Nxh3+ 23. Kg2 Ng5 24. Qf4 Ne6 25.
Qf3 Ng5 26. Qg3 Qxg3+ 27. Kxg3 Nge4+ 28. Nxe4 Nxe4+ 29. Kg2 Nc3 30. Ra1 a5 31. a3 a4 32.
b4 Nb5 33. Red1 f6 34. Nf3 Kf7 35. Rd2 Re4 36. Kg3 Rae8 37. Rad1 Nxa3 38. Ra1 Nc4 39. Rd3 a3 40. Rdxa3 Nxa3 41. Rxa3 Re2 42. b5 Rxc2 43. bxc6 bxc6 44. g5 Re7 45. Ra6 Rc3 46. Kg2 Re4 47. Ra7+ Ke6 48. Rxg7 Rg4+ 49. Kf1 Rxf3 50.
gxf6 Kxf6 51. Rc7 Rc3 52. Ke2 Rxd4 53. Rd7 Rcc4 54. Rd6+ Kf5 55. Rd7 Re4+ 56. Kf1 Rc2 57. Rf7+ Kg5 58. Kg1 Rf4 59. Re7 Rfxf2 60. Re3 Rfd2 61.
Re1 Kg4 62. Kh1 Kh3 63. Re3+ Kh4 64. Re1 g5 65. Kg1 g4 66. Kh1 Kh3 67. Kg1 Rg2+ 68. Kh1 Rh2+ 0-1

[Event "*** Biggest EVER Titled Tuesday"]
[Site "Chess.com"]
[Date "2018.04.17"]
[Round "3"]
[White "joppie2"]
[Black "ArnaudovP"]
[Result "1/2-1/2"]
[WhiteElo "2635"]
[BlackElo "2473"]
[TimeControl "180+2"]
[EndTime "13:37:45 PDT"]
[Termination "Game drawn by agreement"]

1. e4 e5 2. Nf3 Nc6 3. Nc3 Nf6 4. Be2 d5 5. exd5 Nxd5 6. O-O Nxc3 7. bxc3 e4 8. Ne1 Bd6 9. f3 Bf5 10. fxe4 Bxe4 11.
Bf3 Bxf3 12. Nxf3 O-O 13. d4 Qd7 14. Rb1 b6 15. Qd3 Ne7 16. Ng5 Ng6 17. Bd2 Rae8 18. Ne4 f5 19. Nxd6 cxd6 20. Rb5 f4 21. c4 Qg4 22. h3 Qh4 23. Rd5 f3 24. Rxf3 Rxf3 25.
Qxf3 Rf8 26. Qe3 Nf4 27. Rxd6 Qg5 28. Qf3 Nxh3+ 29. Qxh3 Qxd2 30. Qe6+ Kh8 31. Qe4 Qd1+ 32. Kh2 Qh5+ 33. Kg1 Qd1+ 34. Kh2 Qh5+ 35. Kg3 Qg5+ 36. Qg4 Qe3+ 37. Kh2 Qd2 38. c5 Qxc2 39. Rd7 Rg8 40. cxb6 axb6 41. Qe6 Qd2 42. Qe5 Qxa2 43. d5 Qf2 44. Qg5 b5 45. d6 b4 46. Rb7 b3 47. d7 Qd4 48. Qe7 b2 49. Qe6 Qh4+ 50. Kg1 Qd4+ 51. Kh1 h6 52. Rb5 Qd1+ 53. Kh2 b1=Q 54.
Rxb1 Qxb1 55. Qxg8+ Kxg8 56. d8=Q+ Kh7 57. Qd5 Qg6 58.
Qd4 Qf6 59. Qxf6 gxf6 60. Kg3 Kg6 61. Kf3 Kg5 62. g3 Kf5 63. Kf2 Ke4 64. Ke2 h5 65. Kf2 Kf5 66. Kf3 Kg5 67. Kf2 Kg4 68. Kg2 h4 69.
gxh4 Kxh4 70. Kf3 Kg5 71. Kg3 Kf5 72. Kf3 Ke5 73. Ke3 Kf5 74. Kf3 Kg5 75. Kg3 f5 76. Kf3 f4 77. Kf2 Kf5 1/2-1/2

[Event "*** Biggest EVER Titled Tuesday"]
[Site "Chess.com"]
[Date "2018.04.17"]
[Round "3"]
[White "Tash_Boy"]
[Black "TigranLPetrosyan"]
[Result "0-1"]
[WhiteElo "2532"]
[BlackElo "2657"]
[TimeControl "180+2"]
[EndTime "13:37:52 PDT"]
[Termination "TigranLPetrosyan won by checkmate"]

1. e4 d6 2. d4 g6 3. Nc3 Bg7 4.
f4 Nf6 5. Nf3 O-O 6. Bd3 Na6 7. O-O c5 8. d5 Rb8 9. a3 Bg4 10. h3 Bxf3 11. Qxf3 Nc7 12. Ne2 b5 13. c3 e6 14. dxe6 fxe6 15. g4 Nd7 16. Qg3 d5 17. e5 g5 18. Be3 gxf4 19. Bxf4 Qe7 20. Rae1 Rf7 21. Qe3 Rbf8 22. Ng3 d4 23. Qe4 Qh4 24.
Nh5 Bh8 25. Kg2 c4 26. Bg3 Qg5 27. Rxf7 Rxf7 28. Rf1 cxd3 29. Rxf7 Kxf7 30. Qxh7+ Bg7 31. Qxd3 Bxe5 32. Bxe5 Qxe5 33. Qh7+ Kf8 34. Qxd7 Nd5 35.
cxd4 Qe2+ 36. Kg3 Qe1+ 37. Kf3 Qe3+ 38. Kg2 Qd2+ 39. Kf3 Qd3+ 40. Kf2 Qxd4+ 41. Kf3 Qd3+ 42. Kf2 Qe3+ 43. Kg2 Qd2+ 44. Kf3 Qd1+ 45. Kf2 Qd4+ 46. Kf3 Qe3+ 47. Kg2 Qe2+ 48. Kg3 Qe1+ 49. Kf3 Qf1+ 50.
Kg3 Qg1+ 51. Kh4 Qe1+ 52. Kg5 Qe3+ 53. Kg6 Qe4+ 54. Kh6 Ne7 55. Kg5 Qe5+ 56. Kh4 Ng6# 0-1

[Event "*** Biggest EVER Titled Tuesday"]
[Site "Chess.com"]
[Date "2018.04.17"]
[Round "3"]
[White "Vamostodorecto"]
[Black "TST2014"]
[Result "1-0"]
[WhiteElo "2369"]
[BlackElo "2340"]
[TimeControl "180+2"]
[EndTime "13:37:58 PDT"]
[Termination "Vamostodorecto won on time"]

1. d4 Nf6 2. c4 g6 3. Nc3 Bg7 4. e4 O-O 5. Be2 d6 6. Nf3 e5 7. O-O Na6 8. Be3 Ng4 9. Bg5 Qe8 10. h3 h6 11. Bc1 exd4 12. Nxd4 Ne5 13. Be3 Be6 14. b3 g5 15. Qd2 Ng6 16. Rfe1 Nc5 17. Rad1 Be5 18. Bf1 Nf4 19. Nd5 Bxd5 20. exd5 a5 21.
Bxf4 gxf4 22. Nf5 Kh7 23. Bd3 Nxd3 24. Qxd3 Kh8 25. Nxh6 Qe7 26. Qf5 f6 27. Qg6 Qh7 28. Qxh7+ Kxh7 29. Nf5 a4 30. b4 a3 31. Rd3 Ra4 32.
Rb3 Kg6 33. Nh4+ Kf7 34. Nf3 Rb8 35. Kf1 c6 36. Rd1 cxd5 37. Rxd5 Rc8 38. Nd2 Ke6 39. Rb5 Rc7 40. Ke2 Kd7 41. Kd3 Kc6 42. Ke2 Re7 43.
Kf3 Rg7 44. Ra5 Rxa5 45. bxa5 Bb2 46. Ne4 f5 47. Rb6+ Kc7 48. Nxd6 Rd7 49. Nxf5 Rd2 50. Kxf4 Bc1 51. Ke4 Rxa2 52. Rb1 Bg5 53. f4 Bf6 54. Nd4 Rb2 55. Nb5+ Rxb5 56. cxb5 a2 57. Rc1+ Kd6 58. a6 bxa6 59. bxa6 Bb2 60. a7 Bxc1 61. a8=Q a1=Q 62. Qxa1 Bd2 63. Qd1 1-0

[Event "*** Biggest EVER Titled Tuesday"]
[Site "Chess.com"]
[Date "2018.04.17"]
[Round "3"]
[White "Rokis13"]
[Black "Gr3egor"]
[Result "0-1"]
[WhiteElo "2411"]
[BlackElo "2328"]
[TimeControl "180+2"]
[EndTime "13:38:01 PDT"]
[Termination "Gr3egor won by resignation"]

1. e4 e5 2. Nf3 Nc6 3. d4 exd4 4. Bc4 Nf6 5. e5 d5 6. Bb5 Ne4 7. Nxd4 Bd7 8. Bxc6 bxc6 9. O-O Bc5 10. f3 Ng5 11. f4 Ne4 12. Be3 Bb6 13. Nd2 Nxd2 14. Qxd2 c5 15. e6 fxe6 16. Nf3 O-O 17. c3 Qf6 18. Rae1 Rad8 19. Ne5 Bb5 20. Rf3 d4 21. cxd4 cxd4 22.
Bf2 Qe7 23. f5 Rd6 24. Qb4 a6 25. a4 c5 26. Qa3 Bc6 27. a5 Bxf3 28. axb6 Bb7 29.
Qxc5 Rxf5 30. Bg3 Qd8 31. Qc7 Qxc7 32. bxc7 Rd5 33. Nd3 Bc8 34. b4 a5 35. Ra1 Rb5 36. h3 Kf7 37. bxa5 Rxa5 38. Rb1 Rab5 39. Ra1 Ke7 40. Ra8 Kd7 41. Ra4 e5 42. Kh2 Rd5 43.
Rc4 e4 44. Nc5+ Rxc5 45. Rxd4+ Rfd5 46. Rxe4 Rxc7 47. Bxc7 Kxc7 48. Rc4+ Kd8 49. Ra4 Ke7 50. Ra7+ Bd7 51. g4 Rd3 52. Rc7 Kd6 53. Ra7 h5 54.
Kg2 hxg4 55. hxg4 Rd4 56. Kf3 Rb4 57. g5 Rb5 58. g6 Rg5 59. Ra6+ Bc6+ 60. Kf4 Rxg6 61.
Ra7 Rf6+ 62. Kg5 Bd7 63. Ra6+ Ke7 64. Ra5 Rd6 65. Re5+ Kf7 66. Ra5 Be6 67. Ra7+ Rd7 68. Ra6 Rd5+ 69. Kf4 Kf6 70. Kg3 Rd4 71. Ra5 g5 72.
Ra8 Ke5 73. Rf8 Rd3+ 74. Kh2 Bf5 75. Ra8 Kf4 76. Ra1 Rd2+ 77. Kg1 Be4 78. Rf1+ Bf3 79. Ra1 Rd1+ 80. Rxd1 Bxd1 0-1

[Event "*** Biggest EVER Titled Tuesday"]
[Site "Chess.com"]
[Date "2018.04.17"]
[Round "3"]
[White "TregubovP"]
[Black "GMKrikor"]
[Result "0-1"]
[WhiteElo "2551"]
[BlackElo "2618"]
[TimeControl "180+2"]
[EndTime "13:38:11 PDT"]
[Termination "GMKrikor won by resignation"]

1. d4 Nf6 2. c4 e6 3. Nc3 Bb4 4. e3 O-O 5. Bd3 d5 6. Ne2 dxc4 7. Bxc4 c5 8. a3 cxd4 9. axb4 dxc3 10. Qxd8 Rxd8 11.
Nxc3 Nc6 12. b5 Ne5 13. Be2 a6 14. e4 Nd3+ 15. Bxd3 Rxd3 16. Ke2 Rd4 17. Rd1 Rxd1 18. Kxd1 Bd7 19. Be3 Ng4 20. Bb6 Ne5 21. Kc2 Nc4 22.
Bc7 f6 23. b6 Kf7 24. Rd1 Bc6 25. Kb3 Ne5 26. Kb4 Nd7 27. f3 h5 28. Ne2 a5+ 29. Kc3 Rc8 30. Kb3 Nc5+ 31. Ka3 Na6 32. Bd6 e5 33. Nc3 Ke6 34. Na4 Bxa4 35. Kxa4 Rd8 36.
Kxa5 Rxd6 37. Rc1 Nb8 38. Rc7 Rd7 39. Kb5 Kd6 40. Rc8 Nc6 41. b4 Nd4+ 42. Kc4 Ne6 43. Rh8 Ke7 44. Rxh5 Rd6 45. Kb5 Nd4+ 46. Kc5 Rc6+ 47.
Kd5 Rxb6 48. Rh7 Kf7 49. Rh8 Rxb4 50. Rb8 Rb2 51. f4 Rxg2 52. Rxb7+ Kg6 53. fxe5 fxe5 54. Kxe5 Nf3+ 55. Kf4 Ne1 56. Rb6+ Kh7 57. e5 Rxh2 58. e6 Re2 59. Kf5 Nc2 60. Rd6 Ne3+ 61. Kg5 Nc4 62. Rd4 Nb6 63. Kf5 Re1 64. Rh4+ Kg8 65. Rd4 Rf1+ 66.
Ke5 Re1+ 67. Kd6 Nc8+ 68. Kd7 Nb6+ 69. Kc6 Rxe6+ 70. Kb5 Rf6 0-1

[Event "*** Biggest EVER Titled Tuesday"]
[Site "Chess.com"]
[Date "2018.04.17"]
[Round "3"]
[White "FCChelsea14"]
[Black "Zhani-Z"]
[Result "0-1"]
[WhiteElo "2549"]
[BlackElo "2404"]
[TimeControl "180+2"]
[EndTime "13:38:13 PDT"]
[Termination "Zhani-Z won by resignation"]

1. d4 Nf6 2. Nf3 e6 3. c4 Bb4+ 4. Nbd2 O-O 5. g3 b6 6. Bg2 Bb7 7. O-O Bxd2 8. Qxd2 Be4 9. b3 d6 10. Bb2 Nbd7 11. Rfd1 Qe7 12. Rac1 a5 13. a3 Rfd8 14. Qf4 h6 15. Bf1 Rac8 16. Nd2 Bh7 17. Bg2 e5 18.
Qe3 Ng4 19. Qf3 Ngf6 20. e3 Bg6 21. Qc6 Nb8 22. Qb7 Nbd7 23. Re1 e4 24. Qc6 Re8 25. b4 axb4 26. axb4 h5 27. Nf1 h4 28. Ra1 Qe6 29.
Ra7 h3 30. Bh1 Qf5 31. Nd2 Nb8 32. Qb5 Qxb5 33. cxb5 Nd5 34. Ra4 Nd7 35. Rea1 N7f6 36. Nb3 Bf5 37. Nc1 Bd7 38. Ra7 Bxb5 39. Nb3 Nxb4 40.
Nd2 Nbd5 41. Nb1 Bd3 42. Nd2 b5 43. Nb3 c5 44. dxc5 dxc5 45. f3 c4 46. Nd4 c3 47.
Bc1 b4 48. g4 exf3 49. Bxf3 Be4 50. Be2 Re7 51. g5 Nd7 52. Kf2 Nc5 53. R7a5 b3 54. Rxc5 Rxc5 55. Nxb3 Rc8 56. Nd4 Nb4 57. Kg3 Rb7 58. Bg4 Rd8 59. Bxh3 Nd3 60. Bg4 Rdb8 61. Be2 Rb1 62. Rxb1 Rxb1 63. Ba3 Nb4 64. Bxb4 Rxb4 65. Kf4 c2 0-1

[Event "*** Biggest EVER Titled Tuesday"]
[Site "Chess.com"]
[Date "2018.04.17"]
[Round "3"]
[White "PawnEatingZombie"]
[Black "SantoBlue"]
[Result "0-1"]
[WhiteElo "2001"]
[BlackElo "2647"]
[TimeControl "180+2"]
[EndTime "13:38:16 PDT"]
[Termination "SantoBlue won by resignation"]

1. d4 Nf6 2. c4 e6 3. Nc3 Bb4 4. Qc2 b6 5. e4 Bb7 6. Bd3 c5 7.
d5 exd5 8. exd5 d6 9. Ne2 Nbd7 10.
O-O Ne5 11. Bd2 Nxd3 12. Qxd3 O-O 13. a3 Ba5 14. Rab1 Bxc3 15. Nxc3 Ng4 16. f4 Bc8 17. h3 Nf6 18. Rbe1 a6 19. a4 Bd7 20. Re2 Ne8 21.
Rfe1 Nc7 22. Ne4 Bf5 23. Bc3 Bxe4 24. Rxe4 Re8 25. Qe3 Rxe4 26. Qxe4 Qd7 27. Qe7 Rd8 28. b3 h6 29. g4 Kh7 30. Kf2 Kg8 31. Kf3 Qc8 32.
Re3 b5 33. Ba5 Rd7 34. Qh4 f6 35. Qe1 Kf7 36. Re6 Kf8 37. Bxc7 Rxc7 38. Rxd6 Re7 39. Re6 Rd7 40. Qe4 Kf7 41. h4 bxc4 42. bxc4 Qb7 43. g5 Qb3+ 44. Kg2 Qb2+ 45. Qe2 Qxe2+ 46. Rxe2 Rb7 47. Re6 Rb4 48. Rxa6 Rxc4 49. Ra7+ Kg6 50. gxh6 Kxh6 51. Kf3 Rd4 52. a5 Rxd5 53. a6 Rd6 54.
Ra8 Kh7 55. a7 Ra6 56. Rc8 Rxa7 57. Rxc5 Kh6 58. h5 Ra1 59. Kg4 Rg1+ 60. Kh4 Kh7 61. Rb5 Kg8 62. Rb7 Rg2 63. Rc7 Kh7 64. Rb7 f5 65. Rb6 Rg4+ 66. Kh3 Rxf4 67. h6 g6 68. Kg3 Rg4+ 69. Kf3 Kxh6 70. Ra6 Kg5 71.
Rb6 Ra4 72. Rb5 Ra3+ 73. Kg2 Kg4 74. Rb4+ f4 75. Kf2 g5 76. Rc4 Ra2+ 77. Kg1 Kg3 78. Rc3+ f3 0-1

[Event "*** Biggest EVER Titled Tuesday"]
[Site "Chess.com"]
[Date "2018.04.17"]
[Round "3"]
[White "Winehouse83"]
[Black "Superfelix"]
[Result "0-1"]
[WhiteElo "2353"]
[BlackElo "2353"]
[TimeControl "180+2"]
[EndTime "13:38:17 PDT"]
[Termination "Superfelix won on time"]

1. e4 c6 2. Nc3 g6 3. d4 d5 4. Nf3 dxe4 5. Nxe4 Nf6 6. Nxf6+ exf6 7. Bc4 Bg7 8. O-O O-O 9. h3 a5 10. Bf4 Na6 11. Re1 Nc7 12. Bxc7 Qxc7 13. a4 Bf5 14. c3 Bh6 15. Bd3 Be6 16. Qe2 Rfe8 17. Qf1 Bd5 18. Rxe8+ Rxe8 19. Qd1 Qf4 20. Bf1 Bf8 21. Nd2 Bd6 22. g3 Qf5 23. Bg2 h5 24. Bxd5 cxd5 25. Qb1 Qxh3 26. Qd3 h4 27. Nf1 hxg3 28. fxg3 Kg7 29.
Rd1 Rh8 30. Qf3 Re8 31. Rd2 Qe6 32. Rh2 Qe4 33. Qxe4 Rxe4 34. Kf2 f5 35. Kf3 g5 36. Nd2 Re1 37. Nb3 b6 38. Rf2 Rg1 39. Rg2 Re1 40. Nd2 g4+ 41. Kf2 Rd1 42. Ke2 Rc1 43. Kd3 Kg6 44. b3 Kg5 45. c4 dxc4+ 46. Nxc4 Bc7 47.
Kd2 Rf1 48. d5 Rf3 49. Kc2 Rxg3 50. Re2 f4 51. d6 Bd8 52. Re8 Bf6 53. d7 f3 54. Nd6 Rg2+ 55. Kd3 Kf4 56. Re4+ Kg3 57. Nf5+ Kh2 58. Ne3 g3 59. Ng4+ Kh3 60. Nxf6 f2 61.
Rf4 Rg1 62. d8=Q Rd1+ 63. Ke2 Rxd8 64. Ne4 Kg2 65. Rf3 f5 66. Rxg3+ Kh2 67. Rf3 fxe4 68. Rxf2+ Kg3 69. Rf6 Rc8 70. Rxb6 Rc3 71. Rb5 Kf4 72. Kd2 Rd3+ 73. Ke2 Rh3 74. Rxa5 Rxb3 75. Rb5 Ra3 76. Rb3 Rxb3 0-1

[Event "*** Biggest EVER Titled Tuesday"]
[Site "Chess.com"]
[Date "2018.04.17"]
[Round "3"]
[White "Cryptochess"]
[Black "PulpanJ"]
[Result "0-1"]
[WhiteElo "2408"]
[BlackElo "2476"]
[TimeControl "180+2"]
[EndTime "13:38:20 PDT"]
[Termination "PulpanJ won by resignation"]

1. e4 e5 2. Nf3 Nc6 3. Bc4 Be7 4. O-O Nf6 5. Re1 Nxe4 6. Rxe4 d5 7. Nxe5 Nxe5 8.
Rxe5 dxc4 9. Qe2 Be6 10. Nc3 O-O 11. b3 Bf6 12. Re3 Bd4 13. Re4 Re8 14. bxc4 Bf5 15. Rxe8+ Qxe8 16. Qxe8+ Rxe8 17. Ba3 Bxc2 18. Rc1 Bxc3 19.
dxc3 Re2 20. Bc5 b6 21. Be3 Bd3 22. c5 Rxa2 23. h4 Be2 24. c4 Ra4 25. cxb6 axb6 26.
c5 b5 27. c6 f6 28. f3 Ra6 29. Bf4 Bc4 30. Bxc7 Rxc6 31. Ba5 Ra6 32. Bb4 Kf7 33. Kf2 h5 34. Ke3 Ra2 35. g4 Rh2 36. Be1 Kg6 37. Kf4 Re2 38. Bb4 Rb2 39. Bd6 Rd2 40. gxh5+ Kxh5 41.
Bf8 Rg2 42. Rd1 Kg6 43. Rd7 Kh7 44. Rb7 Kg8 45. Bc5 Re2 46. Bd4 Re6 47. h5 Rd6 48.
Bc3 Rc6 49. h6 gxh6 50. Bd4 Rd6 51. Bb2 Rc6 52. Kf5 Bd3+ 53. Kf4 h5 54. Kg3 Be2 55.
Bd4 Rd6 56. Bb2 Rd3 57. Kf2 Bxf3 58. Rxb5 Bg4 59. Bxf6 Rf3+ 60. Kg2 Rxf6 61. Rb8+ Kg7 62.
Rb7+ Rf7 63. Rb5 Kg6 64. Kg3 Rf3+ 65. Kg2 Rf5 66. Rb6+ Kg5 67. Kg3 h4+ 68. Kg2 h3+ 69.
Kh2 Rf2+ 70. Kg1 Ra2 71. Rb3 Kh4 72. Rc3 Kg5 73. Rb3 Kf4 74. Rb8 h2+ 0-1

[Event "*** Biggest EVER Titled Tuesday"]
[Site "Chess.com"]
[Date "2018.04.17"]
[Round "3"]
[White "BIG_Pirate"]
[Black "bugsbunny444"]
[Result "1/2-1/2"]
[WhiteElo "2281"]
[BlackElo "2418"]
[TimeControl "180+2"]
[EndTime "13:38:22 PDT"]
[Termination "Game drawn by repetition"]

1. Nf3 d5 2. c4 d4 3. e3 Nc6 4. d3 e5 5. exd4 exd4 6. a3 a5 7. g3 Nf6 8. Bg2 Be7 9. O-O O-O 10. Bg5 h6 11. Bxf6 Bxf6 12. Nbd2 Be7 13. Re1 Re8 14. Ne5 Nxe5 15. Rxe5 c6 16. Qa4 Bf8 17. Rae1 Rxe5 18. Rxe5 Be6 19. h4 Ra6 20. Kh2 Bd6 21.
Re1 Qxh4+ 22. Kg1 Qd8 23. Ne4 Bf8 24. Bf3 Qd7 25. Qc2 c5 26. Nd2 a4 27. Bd5 Bxd5 28. cxd5 b5 29. b3 Qxd5 30. bxa4 Rxa4 31. Re8 Rxa3 32. Qb1 Ra8 33. Qxb5 Rxe8 34. Qxe8 Qe6 35. Qxe6 fxe6 36. f4 Kf7 37. Kg2 Ke7 38. Kf3 Kd6 39. Ke4 g6 40. Nc4+ Ke7 41. Ne5 g5 42. g4 gxf4 43.
Kxf4 Bg7 44. Nc4 Kd7 45. Ke4 Bf6 46. Nb6+ Kc6 47. Nc4 Kd7 48. Nb6+ Kc6 49. Nc4 Kc7 50. Nd2 Kd6 51. Nc4+ Ke7 52. Nb6 Kf7 53. Nd7 Be7 54. Kf4 Bd6+ 55. Kf3 Kg6 56. Nb6 Kg5 57. Nc4 Bc7 58. Nd2 Kg6 59. Nc4 h5 60. gxh5+ Kxh5 61. Ke4 Kg6 62. Na3 Kf6 63. Nb5 Bb8 64. Na3 Bc7 65. Nc4 Ke7 66. Nd2 Kd7 67. Nc4 Kc6 68.
Nd2 Kb5 69. Nc4 Kb4 70. Nd2 Kc3 71. Nc4 Kc2 72. Na3+ Kd2 73. Nc4+ Kc3 74. Na3 Kd2 75. Nc4+ Ke2 76. Na3 Ba5 77. Nc4 Bb4 78. Ne5 Bc3 79.
Nc4 Bb4 80. Nd6 Bc3 81. Nc4 Bb4 82. Ne5 Bc3 83. Nc4 Bb4 84. Ne5 1/2-1/2